 Dungeon Crawl Stone Soup version 0.31.0-32-g396128a36d (webtiles) character file.

Game seed: 8425496082843786446

68347 pzskc383 the Cleaver (level 15, -6/93 (96) HPs)
             Began as a Gargoyle Gladiator on Apr 9, 2024.
             Was a High Priest of Okawaru.
             Killed from afar by an orc sorcerer (15 damage)
             ... with a bolt of negative energy
             ... on level 2 of the Orcish Mines on Apr 10, 2024.
             The game lasted 01:01:21 (22503 turns).

pzskc383 the Cleaver (Gargoyle Gladiator)          Turns: 22503, Time: 01:01:23

HP:   -6/93 (96)    AC: 34    Str: 27    XL:     15   Next: 26%
MP:   17/22         EV: 16    Int: 11    God:    Okawaru [*****.]
Gold: 971           SH:  7    Dex: 13    Spells: 21/23 levels left

rFire   . . .        a - +0 war axe (elec)
rCold   . . .        U - +0 buckler
rNeg    + . .        B - +3 scale mail
rPois   ∞            I - +1 helmet
rElec   +            E - +2 cloak
rCorr   .            (no gloves)
SInv    .            u - +2 pair of boots
Will    +....        t - amulet of regeneration
Stlth   +++          j - +4 ring of slaying
HPRegen 1.15/turn    N - +6 ring of strength
MPRegen 0.18/turn

%: no passive effects
@: heroic, finesse-ful, flying, studying Staves, lightly drained
A: sickness immunity, AC +11, big wings, negative energy resistance 1,
electricity resistance, torment resistance 1, petrification resistance
a: Renounce Religion, Heroism, Finesse, Duel


You were on level 2 of the Orcish Mines.
You worshipped Okawaru.
Okawaru was extremely pleased with you.
You visited 4 branches of the dungeon, and saw 20 of its levels.

You collected 1813 gold pieces.
You spent 842 gold pieces at shops.

Inventory:

Hand Weapons
 a - a +0 war axe of electrocution (weapon)
 h - a +3 war axe
 M - a +3 flail of protection
 P - a +0 hand axe of flaming
Missiles
 d - 2 throwing nets
 s - 7 curare-tipped darts
 w - 13 javelins
 y - 2 silver javelins
 D - 16 poisoned darts (quivered)
Armour
 o - +0 acid dragon scales
 u - a +2 pair of boots (worn)
 B - a +3 scale mail (worn)
 E - a +2 cloak (worn)
 I - a +1 helmet (worn)
 U - a +0 buckler (worn)
Jewellery
 b - an amulet of reflection
 j - a +4 ring of slaying (left hand)
 t - an amulet of regeneration (around neck)
 x - a ring of protection from fire
 N - a +6 ring of strength (right hand)
 Y - a +4 ring of protection
Wands
 e - a wand of paralysis (28)
 i - a wand of polymorph (14)
 r - a wand of quicksilver (8)
 H - a wand of digging (6)
 L - a wand of flame (10)
 W - a wand of roots (3)
Scrolls
 f - 3 scrolls of amnesia
 g - 4 scrolls of blinking
 l - 10 scrolls of teleportation
 p - 4 scrolls of fog
 z - a scroll of revelation {unknown}
 C - 2 scrolls of enchant weapon {unknown}
 G - 2 scrolls of poison
 J - a scroll of torment
 K - a scroll of acquirement {unknown}
Potions
 c - 3 potions of curing {unknown}
 k - 3 potions of invisibility
 m - a potion of magic
 n - 3 potions of resistance
 q - 5 potions of mutation
 v - 7 potions of lignification
 A - 2 potions of haste
 F - 3 potions of berserk rage {unknown}
 O - a potion of brilliance
 S - 5 potions of heal wounds
 V - a potion of cancellation {unknown}
 X - a potion of ambrosia {unknown}


   Skills:
 * Level 12.1(17.1) Fighting
 * Level 12.3(17.3) Axes
 + Level 5.6(10.6) Throwing
 * Level 10.7(15.7) Armour
 * Level 9.6(14.6) Dodging
 - Level 6.0(11.0) Stealth
 * Level 6.3(11.3) Shields
 - Level 3.7(8.7) Unarmed Combat
 + Level 4.9 Spellcasting
 + Level 4.9 Translocations
 + Level 5.6 Invocations
 + Level 4.7 Evocations


You had 21 spell levels left.
You knew the following spells:

 Your Spells              Type           Power      Damage    Failure   Level
a - Blink                 Tloc           26%        N/A       9%          2

Your spell library contained the following spells:

 Spells                   Type           Power      Damage    Failure   Level
 Gell's Gravitas          Tloc           13%        N/A       17%         3
 Teleport Other           Tloc           13%        N/A       17%         3
 Magic Dart               Conj           8%         1d3       38%         1
 Slow                     Hex            8%         N/A       38%         1
 Manifold Assault         Tloc           13%        N/A       50%         4
 Ensorcelled Hibernation  Hex/Ice        4%         N/A       54%         2
 Mercury Vapours          Alch/Air       4%         N/A       54%         2
 Confusing Touch          Hex            2%         N/A       77%         3
 Dazzling Flash           Conj/Hex       4%         N/A       77%         3
 Fugue of the Fallen      Necr           2%         N/A       77%         3
 Mephitic Cloud           Conj/Alch/Air  2%         N/A       77%         3
 Ozocubu's Armour         Ice            2%         N/A       77%         3
 Passwall                 Erth           2%         N/A       77%         3
 Sigil of Binding         Hex            2%         N/A       77%         3
 Stone Arrow              Conj/Erth      4%         3d7       77%         3
 Swiftness                Air            2%         N/A       77%         3
 Vampiric Draining        Necr           2%         2d6       77%         3
 Dimensional Bullseye     Hex/Tloc       4%         N/A       83%         4
 Iskenderun's Mystic Bla  Conj/Tloc      8%         2d4       83%         4
 Curse of Agony           Necr           2%         N/A       100%        5
 Freezing Cloud           Conj/Ice/Air   1%         6-21      100%        5
 Silence                  Hex/Air        1%         N/A       100%        5
 Dispersal                Tloc           6%         N/A       100%        6
 Lehudib's Crystal Spear  Conj/Erth      1%         10d2      100%        8
 Call Imp                 Summ           Unusable   N/A       N/A         2
 Tukima's Dance           Hex            Unusable   N/A       N/A         3
 Animate Armour           Summ/Erth      Unusable   N/A       N/A         4

Dungeon Overview and Level Annotations

Branches:
Dungeon (12/15)            Temple (1/1) D:5            Lair (5/5) D:8
 Shoals (0/4) Lair:2       Spider (0/4) Lair:3        Slime (0/5) Lair:4
    Orc (2/2) D:11            Elf (0/3) Orc:2

Altars:
Ashenzari
Cheibriados
Dithmenos
Elyvilon
Fedhas
Gozag
Hepliaklqana
Kikubaaqudgha
Makhleb
Nemelex Xobeh
Okawaru
Qazlal
Ru
Sif Muna
Trog
Uskayaw
Vehumet
Wu Jian
Xom
Yredelemnul
Zin
The Shining One

Shops:
D:1 (   D:8 *(!::   D:11 (   Orc:2 [(

Annotations:
Lair:1 1 runed translucent door, mora's ghost, journeyman OpBr


Innate Abilities, Weirdness & Mutations

You are immune to sickness and miasma.
Your stone body is resilient. (AC +11)
You are immune to poison.
Your large and strong wings let you fly.
You resist negative energy. (rN+)
You are resistant to electric shocks. (rElec)
You are resistant to unholy torment.
You are immune to petrification.


Message History

The sixfirhy hits you but does no damage.
The orc sorcerer hits you but does no damage.
The sixfirhy hits you but does no damage. x3
The soul eater hits you but does no damage.
The orc warrior hits you but does no damage.
The orc priest looks encouraged for a moment.
The orc knight hits you but does no damage.
The orc sorcerer hits you but does no damage.
The orc sorcerer points at you and mumbles some strange words.
You shrug off the repeated paralysis!
You feel ready to blink again.
The orc sorcerer no longer looks unusually strong.
The soul eater hits you but does no damage.
The orc warrior hits you from afar with a +0 halberd!
* * * LOW HITPOINT WARNING * * *
The orc knight hits you but does no damage.
The orc sorcerer hits you but does no damage. x2
You can move again.
You slash the orc sorcerer!
The orc sorcerer is heavily wounded.
You miss the sixfirhy. You hit the orc knight. You barely miss the sixfirhy.
You slash the orc sorcerer!
You hit the soul eater but do no damage.
Lightning courses through the soul eater!
The soul eater completely misses you.
The sixfirhy hits you but does no damage.
You closely miss the orc sorcerer.
The orc sorcerer is heavily wounded.
You closely miss the orc knight. You closely miss the sixfirhy.
You hit the orc sorcerer. You hit the soul eater.
Lightning courses through the soul eater!
You miss the sixfirhy.
The orc sorcerer no longer looks unusually strong.
The sixfirhy hits you but does no damage.
The orc warrior completely misses you. You block the orc sorcerer's attack.
The orc knight hits you with a +0 war axe!!
* * * LOW HITPOINT WARNING * * *
The orc sorcerer points at you and mumbles some strange words.
The bolt of negative energy hits you! You partially resist.
You feel drained.
You die...

.............### #...# #...
.............##....##..## ##...
.............#∩....∩#...# #....
............##......##..## ##...
..........#.#.÷..÷...#...# ##..
..........#.#..÷.....##.## ###
..........###÷..☼....#### #
..........##...)o3...# ###
..........##.÷÷)@o÷.÷# ###..
....))#....##..33oo.## ##....
......##..)####oo..## ##.....
.....).#....##))o..# ##......
.....).##....)÷).#########.......
.....)))##....).####.##.##.......
.........##...### #..............
..........##########.##..#.......
..........)).....#...............


You could see 3 orc knights, a soul eater (summoned), 2 sixfirhies, 2 orc
sorcerers, an orc warrior (strong) and an orc priest (strong).

Vanquished Creatures
  Kirke (Lair:3)
  6 hydras
  A catoblepas (Lair:4)
  A boulder beetle (D:11)
  6 two-headed ogres
  13 death yaks
  Urug (Lair:3)
  3 orc high priests (Orc:2)
  A skyshark (Lair:2)
  A lindwurm (Lair:2)
  2 orc knights
  An orc sorcerer (Orc:2)
  An oklob plant (Lair:5)
  A cyclops (D:10)
  A manticore (D:11)
  17 elephants
  6 black mambas
  3 kobold blastminers (Orc:2)
  2 torpor snails
  14 cane toads
  2 unseen horrors (D:12)
  3 rime drakes (Lair:2)
  Jeremiah (D:6)
  8 komodo dragons
  Maggie (D:6)
  3 merfolk (Lair:2)
  A troll (D:11)
  7 polar bears
  5 hornets
  Grinder (D:6)
  7 blink frogs
  6 dream sheep (Lair:5)
  Sigmund (D:3)
  2 shadows
  3 culicivoras (Lair:3)
  14 spriggans
  3 wyverns
  3 humans
  A warg (Orc:1)
  2 basilisks
  A vampire (D:11)
  45 yaks
  5 hogs (Lair:3)
  2 vampire mosquitoes (D:10)
  3 steam dragons
  Menkaure (D:7)
  13 water moccasins
  4 acid dragons
  Duvessa (D:7)
  16 orc warriors
  4 black bears
  An ice beast (D:5)
  19 wolves
  2 sky beasts
  4 boggarts (Lair:5)
  2 centaurs
  5 ogres
  2 phantoms
  A gnoll sergeant (D:10)
  17 bullfrogs
  2 kobold brigands
  5 scorpions
  A wight (D:8)
  Dowan (D:7)
  10 killer bees
  3 howler monkeys
  2 electric eels (D:8)
  3 jellies
  16 orc priests
  2 bombardier beetles
  2 hounds (D:5)
  Ijyb (D:3)
  Jessica (D:3)
  2 iguanas
  23 orc wizards
  Terence (D:3)
  6 adders
  14 gnolls
  4 ufetubi
  4 ribbon worms
  3 dart slugs
  54 orcs
  10 ball pythons
  6 endoplasms
  A giant cockroach (D:2)
  8 goblins
  7 hobgoblins
  4 jackals (D:4)
  3 quokkas
  5 bats
  3 frilled lizards
  14 kobolds
  8 rats
533 creatures vanquished.

Notes
Turn   | Place    | Note
-------+----------+-------------------------------------------
     0 | D:1      | pzskc383 the Gargoyle Gladiator began the quest for the
                  | Orb.
     0 | D:1      | Reached XP level 1. HP: 12/12 MP: 1/1
   158 | D:1      | Reached XP level 2. HP: 13/17 MP: 2/2
   491 | D:1      | Reached XP level 3. HP: 18/21 MP: 3/3
   642 | D:1      | Found Kuiruy's Antique Weapon Shoppe.
  1143 | D:2      | Reached XP level 4. HP: 26/26 MP: 4/4
  1630 | D:3      | Noticed Jessica
  1636 | D:3      | Killed Jessica
  1807 | D:3      | Noticed Sigmund
  1812 | D:3      | Killed Sigmund
  1813 | D:3      | Reached XP level 5. HP: 30/30 MP: 5/5
  1813 | D:3      | Reached XP level 6. HP: 35/35 MP: 6/6
  1880 | D:3      | Noticed Terence
  1885 | D:3      | Killed Terence
  1968 | D:3      | Noticed Ijyb
  1980 | D:3      | Killed Ijyb
  2265 | D:4      | Reached XP level 7. HP: 40/40 MP: 7/7
  2334 | D:4      | Found a blossoming altar of Fedhas.
  2613 | D:5      | Entered Level 5 of the Dungeon
  2668 | D:5      | Reached skill level 1 in Stealth
  2753 | D:5      | Found a staircase to the Ecumenical Temple.
  2759 | Temple   | Entered the Ecumenical Temple
  2793 | D:5      | Reached skill level 1 in Armour
  2814 | D:5      | Reached XP level 8. HP: 46/46 MP: 8/8
  3636 | D:5      | Found a sacrificial altar of Ru.
  3645 | D:5      | Found a white marble altar of Elyvilon.
  3984 | D:6      | Reached skill level 5 in Fighting
  4071 | D:6      | Noticed Grinder
  4072 | D:6      | Paralysed by Grinder for 5 turns
  4092 | D:6      | Killed Grinder
  4093 | D:6      | Reached XP level 9. HP: 48/54 MP: 6/9
  4093 | D:6      | Noticed Jeremiah
  4110 | D:6      | Killed Jeremiah
  4684 | D:6      | Noticed Maggie
  4697 | D:6      | Killed Maggie
  4698 | D:6      | Reached skill level 5 in Dodging
  5251 | D:7      | Noticed Duvessa
  5251 | D:7      | Noticed Dowan
  5267 | D:7      | Killed Dowan
  5268 | D:7      | Reached XP level 10. HP: 51/61 MP: 7/10
  5274 | D:7      | Killed Duvessa
  5691 | D:7      | Noticed Menkaure
  5697 | D:7      | Killed Menkaure
  6178 | D:8      | Noticed a two-headed ogre
  6187 | D:8      | Killed a two-headed ogre
  6188 | D:8      | Reached skill level 5 in Stealth
  6190 | D:8      | Found Zoddosae's Assorted Antiques.
  6222 | D:8      | Bought a blue potion for 21 gold pieces
  6222 | D:8      | Bought a scroll labelled XUIDDI OMAIRUJY for 24 gold pieces
  6222 | D:8      | Bought a bone wand for 96 gold pieces
  6332 | D:8      | Found a staircase to the Lair.
  6355 | D:8      | Found Noduno Josin's Book Emporium.
  6378 | D:8      | Reached skill level 5 in Armour
  6680 | D:8      | Found Kefyadgh's Weapon Boutique.
  6686 | D:8      | Found Hiepirur's Distillery.
  6697 | D:8      | Bought a potion of heal wounds for 65 gold pieces
  6828 | D:8      | Found a bloodstained altar of Trog.
  7136 | D:8      | Found Rehiask's Book Emporium.
  7687 | D:9      | Found an opulent altar of Gozag.
  7725 | D:9      | Found a radiant altar of Vehumet.
  8020 | D:9      | Found a shadowy altar of Dithmenos.
  8121 | D:9      | Reached XP level 11. HP: 49/69 MP: 8/11
  8260 | D:10     | Entered Level 10 of the Dungeon
  8267 | D:10     | Found an iron altar of Okawaru.
  8273 | D:10     | Became a worshipper of Warmaster Okawaru
  8348 | D:10     | Found an ancient bone altar of Kikubaaqudgha.
  8481 | D:8      | Bought a book of Minor Magic for 256 gold pieces
  8484 | D:8      | Learned a level 2 spell: Blink
  8516 | Lair:1   | Entered Level 1 of the Lair of Beasts
  8825 | Lair:1   | Reached * piety under Okawaru
  8826 | Lair:1   | Reached skill level 10 in Axes
  8826 | Lair:1   | Reached skill level 1 in Invocations
  8966 | Lair:1   | Reached skill level 1 in Evocations
  9230 | Lair:1   | Reached skill level 1 in Spellcasting
  9230 | Lair:1   | Reached skill level 1 in Translocations
  9431 | Lair:1   | Reached ** piety under Okawaru
  9432 | Lair:1   | Reached skill level 1 in Unarmed Combat
  9593 | Lair:1   | Found a runed translucent door.
  9594 | Lair:1   | Identified the +2 spear of the Magic Mushroom {elec, rCorr
                  | Dex+3}
  9596 | Lair:1   | Noticed mora's ghost (journeyman OpBr)
  9629 | Lair:1   | You are sucked into a shaft and drop 1 floor!
  9629 | Lair:2   | Noticed a lindwurm
  9642 | Lair:2   | Killed a lindwurm
  9830 | Lair:1   | Reached *** piety under Okawaru
 10768 | Lair:1   | Reached XP level 12. HP: 69/76 MP: 12/15
 10854 | Lair:2   | Reached **** piety under Okawaru
 10911 | Lair:2   | Noticed a four-headed hydra
 10927 | Lair:2   | Killed a four-headed hydra
 11913 | Lair:2   | Noticed a death yak
 11913 | Lair:2   | Noticed a death yak
 11928 | Lair:2   | Killed a death yak
 11935 | Lair:2   | Killed a death yak
 12058 | Lair:2   | Found a staircase to the Shoals.
 12196 | Lair:3   | Noticed a four-headed hydra
 12210 | Lair:3   | Killed a four-headed hydra
 12211 | Lair:3   | Reached skill level 10 in Fighting
 12455 | Lair:3   | Noticed a skyshark
 12482 | Lair:2   | Killed a skyshark
 12612 | Lair:3   | Noticed an eight-headed hydra
 12624 | Lair:3   | Killed a nine-headed hydra
 12763 | Lair:3   | Noticed Urug
 12779 | Lair:3   | Killed Urug
 12854 | Lair:3   | Noticed Kirke
 12867 | Lair:3   | Reached XP level 13. HP: 82/82 MP: 17/17
 12910 | Lair:3   | Killed Kirke
 13012 | Lair:3   | Found a hole to the Spider Nest.
 14313 | Lair:4   | Reached skill level 1 in Shields
 14552 | Lair:4   | Identified the +3 long sword "Niofukhit" {heavy, rF+ rC+}
 14632 | Lair:4   | Reached ***** piety under Okawaru
 14905 | Lair:4   | Found a staircase to the Slime Pits.
 15678 | Lair:5   | Entered Level 5 of the Lair of Beasts
 15993 | Lair:5   | Gained mutation: Your large and strong wings let you fly.
                  | [Gargoyle growth]
 15993 | Lair:5   | Reached XP level 14. HP: 88/90 MP: 18/20
 16054 | Lair:5   | Received a gift from Okawaru
 16911 | Lair:5   | Reached skill level 5 in Throwing
 16917 | Lair:5   | Reached skill level 5 in Invocations
 17441 | Lair:5   | Reached ****** piety under Okawaru
 17658 | Lair:5   | Reached skill level 5 in Shields
 17732 | Lair:5   | Reached skill level 10 in Armour
 18116 | Lair:5   | Received a gift from Okawaru
 19129 | D:8      | Bought a scroll of identify for 48 gold pieces
 19129 | D:8      | Bought a scroll of teleportation for 72 gold pieces
 19154 | D:8      | Bought 2 potions of heal wounds for 130 gold pieces
 19154 | D:8      | Bought a potion of heal wounds for 65 gold pieces
 19154 | D:8      | Bought a potion of heal wounds for 65 gold pieces
 19821 | D:11     | Identified the +4 dagger of Insufficient Pleasure {flame,
                  | rElec rF+ rC- Stlth+}
 20003 | D:11     | Found a staircase to the Orcish Mines.
 20258 | D:11     | Found Iliw's Antique Weapon Shoppe.
 20269 | D:11     | Received a gift from Okawaru
 20618 | D:12     | Reached XP level 15. HP: 90/96 MP: 21/21
 21301 | Orc:1    | Entered Level 1 of the Orcish Mines
 21301 | Orc:1    | Found a burning altar of Makhleb.
 21739 | Orc:2    | Entered Level 2 of the Orcish Mines
 21859 | Orc:2    | Found a staircase to the Elven Halls.
 22492 | Orc:2    | Found Doysam's Antique Armour Shop.
 22492 | Orc:2    | Found Gaokyrch's Weapon Shoppe.
 22498 | Orc:2    | Paralysed by an orc sorcerer for 3 turns
 22503 | Orc:2    | Killed from afar by an orc sorcerer

Illustrated notes

Levels and vault maps discovered:
D:1:      spicycebolla_arrival_ecumenical, layout_basic, serial_shops,
          nicolae_shop_waterfront
D:2:      layout_basic
D:3:      layout_basic, nicolae_wormholes, uniq_sigmund, uniq_ijyb,
          uniq_terence, uniq_jessica
D:4:      layout_rooms, kennysheep_mini_moat
D:5:      layout_basic, mainiacjoe_overflow_swirl, minmay_temple_entry_fiery,
          dreamdust_gnoll_farm
D:6:      layout_loops_ring, uniq_jeremiah, uniq_maggie, uniq_grinder
D:7:      layout_loops_corners, uniq_duvessa, uniq_menkaure
D:8:      layout_cave_pods, dpeg_oklobed_lair, serial_shops,
          nicolae_shop_real_fake_doors, shop, nicolae_shop_rolling_square, shop,
          shop, serial_bayou_pond_b, hangedman_abyss_or_decor_stagger,
          david_defended_altar_orc
D:9:      layout_long_grid, grunt_dithmenos_shadows, vehumet_altar_wand_db,
          mainiacjoe_overflow_concentric_impassable
D:10:     layout_gridville, nicolae_kikubaaqudgha_miasma_corner,
          okawaru_ov_weapons_minmay, minmay_three_doors
D:11:     layout_roguey, erik_orc_4, serial_shops, shop
D:12:     layout_rooms, kennysheep_generic_room_3
Temple:   nicolae_temple_bog_church
Lair:1:   layout_cave_pods, ebering_ghost_funeral_grove, grunt_megastairs_5
Lair:2:   layout_regular_city, mainiacjoe_shoals_entry_four_pools
Lair:3:   layout_cellular_growth, hellmonk_spider_entry_life_and_decay,
          chequers_serial_rivers_micro_e, infiniplex_staircase_pool_2,
          serial_bayou_shore_b, grunt_megastairs_2, serial_bayou_shore_a,
          uniq_urug, uniq_kirke
Lair:4:   layout_loops_ring, slime_entry_1, grunt_megastairs_4,
          lemuel_fruit_tree
Lair:5:   minmay_lair_end_enchanted_forest, layout_loops_ring,
          nicolae_lair_yak_garden, serial_bayou_shore_b, grunt_megastairs_3
Orc:1:    layout_diamond_mine, bloody_makhleb
Orc:2:    grunt_orc_tribal_feast, layout_caves, nicolae_orc_stony_grotto,
          nicolae_orc_beogh_chapel

Skill      XL: |  1  2  3  4  5  6  7  8  9 10 11 12 13 14 15 |
---------------+----------------------------------------------+-----
Axes           | 3 4 6 7 8 9 10 11 12 | 12.3
Stealth        | 1 3 4 5 6 |  6.0
Fighting       | 3 5 6 8 9 10 11 12 | 12.1
Armour         | 1 3 4 5 6 8 9 10 | 10.7
Dodging        | 3 4 5 6 7 8 9 |  9.6
Throwing       | 3 4 5 |  5.6
Invocations    | 2 3 4 5 |  5.6
Evocations     | 1 3 4 |  4.7
Spellcasting   | 2 3 4 |  4.9
Translocations | 2 3 4 |  4.9
Unarmed Combat | 2 3 |  3.7
Shields        | 3 5 6 |  6.3

Action                     |  1- 3 |  4- 6 |  7- 9 | 10-12 | 13-15 || total
---------------------------+-------+-------+-------+-------+-------++-------
  Melee: War axe           |   111 |    45 |   245 |   487 |   980 ||  1868
         Punch             |     1 |       |     2 |    22 |     2 ||    27
         Hand axe          |       |       |       |    92 |       ||    92
         Flail             |       |       |       |    25 |    24 ||    49
  Throw: Throwing net      |       |     1 |     1 |     2 |       ||     4
         Dart              |       |     1 |    15 |    42 |    49 ||   107
         Javelin           |       |       |     9 |    10 |       ||    19
   Cast: Blink             |       |       |       |       |     6 ||     6
 Invoke: Heroism           |       |       |       |     5 |    12 ||    17
         Finesse           |       |       |       |     3 |     1 ||     4
  Evoke: Wand              |       |       |     1 |     6 |     9 ||    16
    Use: Scroll            |     1 |     3 |     5 |     2 |     7 ||    18
         Potion            |       |       |     2 |     1 |     1 ||     4
   Stab: Held in net/web   |       |     1 |       |       |       ||     1
         Sleeping          |       |       |       |     3 |     7 ||    10
         Petrifying        |       |       |       |       |     3 ||     3
         Distracted        |       |       |       |       |     1 ||     1
 Armour: Leather armour    |    68 |       |       |       |       ||    68
         Scale mail        |    18 |    27 |    41 |   608 |   287 ||   981
         Chain mail        |       |       |   184 |       |       ||   184
         Swamp dragon scal |       |       |       |       |   585 ||   585
  Dodge: Dodged            |    73 |    20 |   139 |   394 |   645 ||  1271
  Block: Buckler           |       |       |       |       |   249 ||   249
